[ AOE2 MATCH · #484542923 ]
Team RMBurgundians vs Bohemians
[ REPLAY ANALYSIS · EXTRACTED FROM THE RECORDED GAME ]
Feudal
11:53
Castle
15:48
Imperial
31:02
| APM avg | 19.3 |
| APM peak | 50 |
| eAPM avg | 14.4 |
| Villagers / military | 123 / 280 |
Focus
⚔️ 31.4% · 🌾 68.6%
Hand Cannoneer ×197 · Skirmisher ×65 · Bombard Cannon ×11 · Trebuchet (Packed) ×4 · Trade Cart ×3 · Coustillier ×3
Feudal
10:41
Castle
16:05
Imperial
35:12
| APM avg | 32.8 |
| APM peak | 91 |
| eAPM avg | 15.4 |
| Villagers / military | 120 / 84 |
Focus
⚔️ 23.0% · 🌾 77.0%
Longbowman ×65 · Spearman ×10 · Battering Ram ×5 · Mangonel ×3 · Trebuchet (Packed) ×1
Feudal
11:10
Castle
15:18
Imperial
29:07
| APM avg | 23.0 |
| APM peak | 70 |
| eAPM avg | 11.3 |
| Villagers / military | 57 / 16 |
Focus
⚔️ 24.2% · 🌾 75.8%
Mameluke ×14 · Trebuchet (Packed) ×2
Feudal
11:22
Castle
22:08
Imperial
38:26
| APM avg | 12.6 |
| APM peak | 38 |
| eAPM avg | 10.3 |
| Villagers / military | 68 / 15 |
Focus
⚔️ 46.7% · 🌾 53.3%
Unknown (1974) ×67 · Unknown (1968) ×50 · Trade Cart ×16 · Battering Ram ×11 · Spearman ×4 · Unknown (1942) ×2
Feudal
10:42
Castle
16:06
Imperial
33:38
| APM avg | 28.1 |
| APM peak | 102 |
| eAPM avg | 16.4 |
| Villagers / military | 156 / 233 |
Focus
⚔️ 28.5% · 🌾 71.5%
Skirmisher ×96 · Militia ×95 · Knight ×17 · Rattan Archer ×16 · Trebuchet (Packed) ×6 · Trade Cart ×5
Feudal
9:52
Castle
16:36
Imperial
31:05
| APM avg | 18.7 |
| APM peak | 48 |
| eAPM avg | 13.9 |
| Villagers / military | 128 / 165 |
Focus
⚔️ 37.6% · 🌾 62.4%
Archer ×105 · Skirmisher ×25 · Bombard Cannon ×14 · Spearman ×11 · Hussite Wagon ×9 · Monk ×1
Match map
Initial resources + every placement click. Lines = walls · curves = elevation contours. ◆ gold · ⬟ stone · ● berries · ✦ relic · ◌ wall gap
Your base· ✓ Closed at 15:48 · 0t walls · 2 gate(s)
Yuanchi's base· ✓ Closed at 16:05 · 0t walls · 2 gate(s)
knight's base· ✓ Closed at 15:18 · 0t walls · 3 gate(s)
ForzaGT87's base· ✓ Closed at 22:08 · 0t walls · 3 gate(s)
COCO's base· ✓ Closed at 16:06 · 0t walls · 3 gate(s)
OayiZ's base· ✓ Closed at 16:36 · 0t walls · 2 gate(s)
Smoothed initial terrain · ◌ = detected wall gap · hover for details
Inputs per minute
— CryAndDie - - Yuanchi
Build order — CryAndDie
First 150 of 350 actions detected
| 0:01 | Create | Villager (Male) |
| 0:01 | Create | Villager (Male) |
| 0:01 | Create | Villager (Male) |
| 0:03 | Build | House |
| 0:05 | Build | House |
| 0:27 | Create | Villager (Male) |
| 0:27 | Create | Villager (Male) |
| 1:26 | Create | Villager (Male) |
| 1:49 | Build | Lumber Camp |
| 2:04 | Create | Villager (Male) |
| 2:18 | Create | Villager (Male) |
| 3:00 | Create | Villager (Male) |
| 3:21 | Create | Villager (Male) |
| 3:53 | Create | Villager (Male) |
| 3:57 | Build | House |
| 3:58 | Build | House |
| 3:59 | Build | House |
| 4:08 | Create | Villager (Male) |
| 4:25 | Create | Villager (Male) |
| 4:26 | Create | Villager (Male) |
| 4:38 | Build | Mill |
| 4:58 | Create | Villager (Male) |
| 4:58 | Create | Villager (Male) |
| 5:49 | Build | Farm |
| 5:55 | Create | Villager (Male) |
| 6:11 | Create | Villager (Male) |
| 6:28 | Build | Farm |
| 6:29 | Research | Double-Bit Axe |
| 6:34 | Create | Villager (Male) |
| 6:34 | Create | Villager (Male) |
| 7:29 | Create | Villager (Male) |
| 7:29 | Create | Villager (Male) |
| 7:36 | Create | Villager (Male) |
| 7:37 | Create | Villager (Male) |
| 7:37 | Create | Villager (Male) |
| 9:00 | Build | Mining Camp |
| 9:42 | Research | Feudal Age |
| 9:52 | Build | Mill |
| 10:01 | Build | Barracks |
| 10:04 | Build | House |
| 10:27 | Create | Villager (Male) |
| 10:27 | Create | Villager (Male) |
| 10:28 | Create | Villager (Male) |
| 11:53 | Age | Feudal Age |
| 11:55 | Build | Archery Range |
| 12:03 | Build | Blacksmith |
| 12:58 | Research | Castle Age |
| 13:14 | Research | Horse Collar |
| 13:14 | Research | Horse Collar |
| 13:35 | Research | Heavy Plow |
| 14:17 | Build | Farm |
| 14:19 | Build | Farm |
| 14:20 | Build | Farm |
| 14:22 | Build | Farm |
| 14:24 | Build | Farm |
| 14:33 | Build | Farm |
| 14:36 | Build | Farm |
| 14:41 | Research | Bow Saw |
| 14:51 | Research | Stone Mining |
| 15:48 | Age | Castle Age |
| 15:55 | Build | Town Center |
| 16:07 | Build | Town Center |
| 16:19 | Build | House |
| 16:24 | Research | Wheelbarrow |
| 16:24 | Research | Wheelbarrow |
| 16:32 | Research | Town Watch |
| 16:57 | Build | Farm |
| 17:00 | Build | House |
| 17:10 | Create | Villager (Male) ×5 |
| 17:23 | Create | Villager (Male) |
| 17:23 | Create | Villager (Male) |
| 17:24 | Create | Villager (Male) |
| 17:34 | Build | Farm |
| 17:37 | Build | Farm |
| 17:41 | Build | Farm |
| 17:44 | Create | Villager (Male) |
| 17:54 | Create | Villager (Male) |
| 18:02 | Build | Farm |
| 18:16 | Build | Stone Wall |
| 18:30 | Build | Gate |
| 18:34 | Create | Villager (Male) ×4 |
| 18:48 | Build | Stone Wall |
| 18:49 | Build | Stone Wall |
| 19:01 | Build | University |
| 19:13 | Build | Stone Wall |
| 19:14 | Build | Stone Wall |
| 19:15 | Create | Villager (Male) ×4 |
| 19:21 | Build | Farm |
| 19:52 | Build | Farm |
| 19:53 | Build | Farm |
| 19:57 | Build | Farm |
| 19:59 | Build | Farm |
| 20:01 | Research | Fortified Wall (upgrade) |
| 20:14 | Create | Villager (Male) |
| 20:18 | Create | Villager (Male) |
| 20:25 | Create | Villager (Male) |
| 20:38 | Build | Mill |
| 20:40 | Build | Farm |
| 20:42 | Build | Farm |
| 20:43 | Build | Farm |
| 20:45 | Create | Villager (Male) |
| 20:45 | Create | Villager (Male) |
| 21:02 | Create | Villager (Male) |
| 21:03 | Create | Villager (Male) |
| 21:07 | Build | House |
| 21:10 | Build | House |
| 21:10 | Build | House |
| 21:10 | Build | House |
| 21:11 | Build | House |
| 21:11 | Build | House |
| 21:13 | Create | Villager (Male) |
| 21:27 | Build | Lumber Camp |
| 21:44 | Create | Villager (Male) ×4 |
| 22:28 | Build | Town Center |
| 22:29 | Create | Villager (Male) |
| 22:30 | Create | Villager (Male) ×5 |
| 22:30 | Create | Villager (Male) |
| 23:00 | Build | Castle |
| 23:08 | Build | Lumber Camp |
| 23:14 | Create | Villager (Male) |
| 23:24 | Build | House |
| 23:24 | Build | House |
| 23:24 | Build | House |
| 23:25 | Build | House |
| 23:27 | Build | House |
| 23:28 | Build | House |
| 23:39 | Create | Villager (Male) ×5 |
| 23:40 | Create | Villager (Male) ×5 |
| 23:55 | Build | Farm |
| 23:55 | Build | Farm |
| 23:56 | Build | Farm |
| 23:58 | Build | Farm |
| 24:02 | Build | Farm |
| 24:03 | Create | Villager (Male) ×5 |
| 24:24 | Research | Gold Mining |
| 24:26 | Create | Villager (Male) |
| 24:49 | Build | House |
| 24:49 | Build | House |
| 24:49 | Build | House |
| 24:50 | Build | House |
| 24:50 | Build | House |
| 24:50 | Build | House |
| 24:54 | Build | House |
| 24:54 | Build | House |
| 25:04 | Build | Mill |
| 25:05 | Build | Farm |
| 25:06 | Build | Farm |
| 25:08 | Build | Farm |
| 25:09 | Build | Farm |
| 25:10 | Build | Farm |
Build order — Yuanchi
First 150 of 251 actions detected
| 0:04 | Build | House |
| 0:05 | Create | Villager (Male) ×4 |
| 0:08 | Build | House |
| 1:32 | Create | Villager (Male) |
| 1:53 | Build | Lumber Camp |
| 1:58 | Create | Villager (Male) |
| 1:58 | Create | Villager (Male) |
| 2:20 | Create | Villager (Male) |
| 2:36 | Create | Villager (Male) |
| 2:47 | Create | Villager (Male) |
| 3:17 | Create | Villager (Male) |
| 3:30 | Create | Villager (Male) |
| 4:07 | Create | Villager (Male) |
| 4:07 | Create | Villager (Male) |
| 4:24 | Build | House |
| 4:46 | Build | House |
| 5:36 | Create | Villager (Male) |
| 5:37 | Create | Villager (Male) |
| 5:37 | Create | Villager (Male) |
| 5:38 | Create | Villager (Male) |
| 5:39 | Create | Villager (Male) |
| 6:02 | Build | Mill |
| 6:08 | Create | Villager (Male) |
| 6:57 | Build | Mill |
| 7:46 | Build | Mining Camp |
| 7:49 | Create | Villager (Male) |
| 8:15 | Research | Feudal Age |
| 8:34 | Build | Farm |
| 8:38 | Build | Farm |
| 8:46 | Build | Farm |
| 9:43 | Create | Villager (Male) |
| 9:43 | Create | Villager (Male) |
| 9:43 | Create | Villager (Male) |
| 10:41 | Age | Feudal Age |
| 10:53 | Build | Market |
| 10:59 | Build | Blacksmith |
| 11:16 | Build | House |
| 11:29 | Research | Double-Bit Axe |
| 11:53 | Research | Horse Collar |
| 12:17 | Create | Villager (Male) |
| 12:17 | Create | Villager (Male) |
| 12:30 | Build | Mining Camp |
| 12:45 | Build | Farm |
| 12:55 | Build | Farm |
| 13:25 | Research | Castle Age |
| 13:26 | Research | Castle Age |
| 13:26 | Research | Castle Age |
| 14:36 | Research | Loom |
| 15:51 | Build | Watch Tower |
| 16:05 | Age | Castle Age |
| 16:18 | Build | Siege Workshop |
| 17:10 | Build | Stone Wall |
| 17:17 | Build | Stone Wall |
| 17:19 | Build | Stone Wall |
| 17:30 | Create | Mangonel |
| 17:31 | Create | Mangonel |
| 17:37 | Create | Villager (Male) ×5 |
| 17:40 | Build | Farm |
| 17:41 | Build | Farm |
| 17:41 | Build | Farm |
| 17:41 | Build | Farm |
| 17:48 | Build | Lumber Camp |
| 17:52 | Research | Stone Mining |
| 18:17 | Build | Stone Wall |
| 18:28 | Build | University |
| 18:35 | Build | House |
| 18:41 | Build | House |
| 19:28 | Build | Barracks |
| 19:45 | Build | Farm |
| 19:46 | Create | Villager (Male) |
| 19:52 | Build | Farm |
| 20:16 | Build | Stone Wall |
| 20:21 | Research | Fortified Wall (upgrade) |
| 20:40 | Build | Farm |
| 20:45 | Create | Villager (Male) ×4 |
| 21:03 | Build | House |
| 21:16 | Build | House |
| 21:37 | Build | Lumber Camp |
| 22:05 | Build | Castle |
| 24:19 | Create | Villager (Male) ×5 |
| 24:46 | Create | Villager (Male) |
| 24:46 | Create | Villager (Male) |
| 25:17 | Create | Battering Ram |
| 25:18 | Create | Battering Ram |
| 25:36 | Create | Longbowman ×5 |
| 25:53 | Research | Ballistics |
| 27:04 | Create | Longbowman ×5 |
| 27:11 | Research | Gold Mining |
| 27:12 | Research | Bow Saw |
| 27:23 | Build | Town Center |
| 27:33 | Create | Villager (Male) |
| 27:33 | Create | Villager (Male) |
| 27:33 | Create | Villager (Male) |
| 27:36 | Research | Wheelbarrow |
| 27:37 | Create | Villager (Male) ×5 |
| 28:04 | Create | Battering Ram |
| 28:47 | Create | Villager (Male) ×5 |
| 28:50 | Build | Farm |
| 28:50 | Build | Farm |
| 28:50 | Build | Farm |
| 28:50 | Build | Farm |
| 28:51 | Build | Farm |
| 28:51 | Build | Farm |
| 28:51 | Build | Farm |
| 28:51 | Build | Farm |
| 29:24 | Create | Battering Ram |
| 29:27 | Create | Longbowman |
| 30:34 | Build | Farm |
| 30:44 | Build | House |
| 30:45 | Build | House |
| 30:46 | Build | House |
| 30:47 | Build | House |
| 30:47 | Build | House |
| 31:01 | Build | Farm |
| 31:55 | Create | Mangonel |
| 32:02 | Research | Imperial Age |
| 32:17 | Create | Longbowman |
| 32:30 | Create | Villager (Male) ×5 |
| 32:33 | Create | Villager (Male) ×2 |
| 33:24 | Build | Town Center |
| 33:32 | Create | Longbowman ×5 |
| 33:37 | Create | Longbowman |
| 33:51 | Create | Villager (Male) ×5 |
| 34:50 | Build | Barracks |
| 34:51 | Build | Barracks |
| 34:52 | Build | Barracks |
| 34:55 | Research | Pikeman (upgrade) |
| 35:03 | Create | Longbowman ×5 |
| 35:12 | Age | Imperial Age |
| 35:14 | Create | Trebuchet (Packed) |
| 35:25 | Research | Conscription |
| 35:34 | Build | Mining Camp |
| 35:37 | Create | Villager (Male) ×5 |
| 35:39 | Create | Villager (Male) ×3 |
| 36:22 | Build | Castle |
| 37:36 | Create | Battering Ram |
| 37:39 | Research | Capped Ram (upgrade) |
| 38:01 | Research | Fletching |
| 38:02 | Research | Padded Archer Armor |
| 38:04 | Research | Conscription |
| 38:29 | Build | Mining Camp |
| 38:33 | Research | Halberdier (upgrade) |
| 38:36 | Create | Spearman ×5 |
| 38:36 | Create | Spearman ×5 |
| 38:47 | Build | Stone Wall |
| 38:52 | Build | Stone Wall |
| 38:54 | Build | Stone Wall |
| 39:12 | Create | Villager (Male) ×4 |
| 39:19 | Create | Villager (Male) ×2 |
| 39:24 | Build | Farm |
Build order — knight
First 150 of 152 actions detected
| 0:10 | Build | House |
| 0:13 | Build | House |
| 0:14 | Create | Villager (Male) |
| 0:14 | Create | Villager (Male) |
| 0:14 | Create | Villager (Male) |
| 0:15 | Create | Villager (Male) |
| 1:20 | Create | Villager (Male) |
| 2:16 | Build | Lumber Camp |
| 2:22 | Create | Villager (Male) |
| 2:23 | Create | Villager (Male) |
| 2:39 | Create | Villager (Male) |
| 2:39 | Create | Villager (Male) |
| 2:54 | Create | Villager (Male) |
| 3:11 | Build | House |
| 3:17 | Create | Villager (Male) |
| 3:17 | Create | Villager (Male) |
| 3:57 | Create | Villager (Male) |
| 4:21 | Create | Villager (Male) |
| 4:29 | Build | House |
| 4:47 | Create | Villager (Male) |
| 4:47 | Create | Villager (Male) |
| 5:12 | Create | Villager (Male) |
| 5:23 | Create | Villager (Male) |
| 5:48 | Create | Villager (Male) |
| 6:16 | Build | Mill |
| 6:26 | Create | Villager (Male) |
| 6:49 | Create | Villager (Male) |
| 8:09 | Build | Mining Camp |
| 8:35 | Create | Villager (Male) |
| 8:36 | Research | Feudal Age |
| 8:50 | Build | Mining Camp |
| 8:57 | Build | House |
| 9:16 | Create | Villager (Male) |
| 9:16 | Create | Villager (Male) |
| 9:21 | Create | Villager (Male) |
| 9:46 | Research | Loom |
| 11:10 | Age | Feudal Age |
| 11:15 | Build | Market |
| 11:29 | Build | Blacksmith |
| 12:38 | Research | Castle Age |
| 13:07 | Research | Double-Bit Axe |
| 13:50 | Research | Horse Collar |
| 14:19 | Build | Farm |
| 14:23 | Build | Farm |
| 15:18 | Age | Castle Age |
| 15:36 | Build | Castle |
| 15:41 | Build | Mining Camp |
| 17:28 | Create | Mameluke |
| 17:46 | Create | Mameluke |
| 18:10 | Build | Farm |
| 18:17 | Build | Farm |
| 18:19 | Build | Farm |
| 18:20 | Build | Farm |
| 18:22 | Research | Fletching |
| 18:38 | Create | Mameluke |
| 19:33 | Create | Mameluke |
| 19:48 | Create | Villager (Male) |
| 19:49 | Create | Villager (Male) |
| 19:59 | Build | Town Center |
| 20:30 | Build | Farm |
| 20:40 | Research | Bow Saw |
| 21:10 | Build | Farm |
| 21:20 | Research | Bodkin Arrow |
| 21:51 | Create | Villager (Male) |
| 22:05 | Create | Villager (Male) |
| 22:05 | Create | Villager (Male) |
| 23:47 | Create | Mameluke |
| 23:47 | Create | Mameluke |
| 25:20 | Build | Town Center |
| 25:30 | Build | Farm |
| 25:31 | Create | Villager (Male) |
| 25:37 | Create | Villager (Male) |
| 25:38 | Create | Villager (Male) |
| 25:57 | Research | Imperial Age |
| 28:04 | Build | Barracks |
| 28:51 | Build | Town Center |
| 29:07 | Age | Imperial Age |
| 29:12 | Create | Mameluke |
| 29:12 | Create | Mameluke |
| 29:21 | Create | Villager (Male) |
| 29:21 | Create | Villager (Male) |
| 29:29 | Create | Villager (Male) |
| 29:29 | Create | Villager (Male) |
| 29:31 | Build | Farm |
| 29:32 | Build | Farm |
| 29:35 | Research | Wheelbarrow |
| 29:44 | Create | Mameluke |
| 29:44 | Create | Mameluke |
| 30:48 | Create | Mameluke |
| 30:48 | Create | Mameluke |
| 31:02 | Build | Farm |
| 31:04 | Build | Farm |
| 31:07 | Create | Villager (Male) |
| 31:07 | Create | Villager (Male) |
| 31:14 | Build | Farm |
| 31:15 | Build | Farm |
| 31:16 | Build | Farm |
| 31:41 | Create | Villager (Male) |
| 31:41 | Create | Villager (Male) |
| 31:48 | Create | Villager (Male) |
| 31:49 | Create | Villager (Male) |
| 32:09 | Create | Mameluke |
| 32:10 | Create | Mameluke |
| 33:02 | Create | Villager (Male) |
| 33:02 | Create | Villager (Male) |
| 33:03 | Create | Villager (Male) |
| 33:03 | Create | Villager (Male) |
| 33:17 | Build | Farm |
| 33:28 | Research | Gold Mining |
| 33:33 | Build | Farm |
| 33:36 | Build | Farm |
| 33:37 | Build | Farm |
| 33:53 | Create | Villager (Male) |
| 33:53 | Create | Villager (Male) |
| 33:56 | Create | Villager (Male) |
| 33:57 | Create | Villager (Male) |
| 34:00 | Create | Villager (Male) |
| 34:00 | Create | Villager (Male) |
| 34:27 | Create | Trebuchet (Packed) |
| 34:44 | Create | Villager (Male) |
| 34:44 | Create | Villager (Male) |
| 34:57 | Create | Villager (Male) |
| 34:57 | Create | Villager (Male) |
| 35:12 | Create | Trebuchet (Packed) |
| 38:17 | Build | Mining Camp |
| 38:24 | Build | Farm |
| 38:31 | Research | Heavy Plow |
| 38:51 | Build | Town Center |
| 39:27 | Research | Scale Barding Armor |
| 39:39 | Research | Forging |
| 39:59 | Build | Town Center |
| 40:22 | Research | Chain Barding Armor |
| 40:34 | Build | Blacksmith |
| 40:41 | Build | Farm |
| 40:46 | Build | Farm |
| 40:47 | Build | Farm |
| 40:47 | Build | Farm |
| 41:23 | Build | Mining Camp |
| 41:33 | Research | Gold Shaft Mining |
| 41:57 | Build | Farm |
| 42:07 | Research | Iron Casting |
| 42:12 | Research | Plate Barding Armor |
| 42:38 | Build | Stable |
| 44:31 | Build | Town Center |
| 44:44 | Research | Hand Cart |
| 44:56 | Research | Bloodlines |
| 44:58 | Research | Husbandry |
| 45:35 | Research | Hand Cart |
| 45:56 | Build | Castle |
| 46:08 | Build | Mill |
Build order — ForzaGT87
First 150 of 327 actions detected
| 0:06 | Research | Loom |
| 0:07 | Create | Villager (Male) |
| 0:07 | Create | Villager (Male) |
| 0:07 | Create | Villager (Male) |
| 0:08 | Create | Villager (Male) |
| 0:08 | Create | Villager (Male) |
| 0:17 | Build | House |
| 0:19 | Build | House |
| 0:20 | Build | House |
| 1:32 | Build | House |
| 1:56 | Create | Villager (Male) |
| 2:25 | Create | Villager (Male) |
| 2:46 | Create | Villager (Male) |
| 3:16 | Create | Villager (Male) |
| 3:31 | Create | Villager (Male) |
| 3:51 | Create | Villager (Male) |
| 4:08 | Build | Mill |
| 4:20 | Create | Villager (Male) |
| 4:20 | Create | Villager (Male) |
| 4:47 | Create | Villager (Male) |
| 4:47 | Create | Villager (Male) |
| 5:16 | Create | Villager (Male) |
| 6:50 | Build | Lumber Camp |
| 7:13 | Create | Villager (Male) |
| 7:13 | Create | Villager (Male) |
| 7:46 | Build | House |
| 7:47 | Build | House |
| 7:56 | Build | House |
| 8:02 | Create | Villager (Male) |
| 8:23 | Create | Villager (Male) |
| 9:12 | Research | Feudal Age |
| 10:46 | Create | Villager (Male) |
| 10:46 | Create | Villager (Male) |
| 11:22 | Age | Feudal Age |
| 11:24 | Research | Double-Bit Axe |
| 11:31 | Research | Horse Collar |
| 11:35 | Research | Town Watch |
| 11:37 | Create | Villager (Male) |
| 12:01 | Build | Market |
| 12:27 | Create | Villager (Male) |
| 12:27 | Create | Villager (Male) |
| 12:52 | Create | Villager (Male) |
| 12:52 | Create | Villager (Male) |
| 13:17 | Build | Mining Camp |
| 13:40 | Build | Farm |
| 13:41 | Build | Farm |
| 13:42 | Build | Farm |
| 13:43 | Build | Farm |
| 13:56 | Build | Barracks |
| 14:06 | Build | Blacksmith |
| 14:18 | Create | Villager (Male) |
| 14:19 | Create | Villager (Male) |
| 14:19 | Create | Villager (Male) |
| 15:09 | Research | Gold Mining |
| 15:27 | Research | Stone Mining |
| 15:33 | Create | Spearman |
| 15:33 | Create | Spearman |
| 15:41 | Create | Villager (Male) |
| 15:41 | Create | Villager (Male) |
| 15:53 | Build | Farm |
| 15:54 | Build | Farm |
| 15:56 | Build | Farm |
| 16:04 | Build | Farm |
| 16:05 | Build | Farm |
| 16:06 | Build | Farm |
| 16:08 | Build | Farm |
| 16:09 | Build | Farm |
| 16:15 | Build | Farm |
| 16:28 | Build | Farm |
| 16:53 | Create | Spearman |
| 16:53 | Create | Spearman |
| 17:02 | Build | House |
| 17:03 | Build | House |
| 17:05 | Build | House |
| 17:06 | Build | House |
| 17:08 | Build | House |
| 17:22 | Create | Villager (Male) |
| 17:23 | Create | Villager (Male) |
| 17:59 | Build | Farm |
| 18:23 | Build | Farm |
| 18:34 | Create | Trade Cart |
| 18:35 | Create | Trade Cart |
| 18:35 | Create | Trade Cart |
| 19:12 | Build | House |
| 19:13 | Build | House |
| 19:14 | Build | House |
| 19:15 | Build | House |
| 19:17 | Build | House |
| 19:18 | Build | House |
| 19:28 | Research | Castle Age |
| 20:09 | Build | Barracks |
| 20:29 | Create | Trade Cart |
| 20:29 | Create | Trade Cart |
| 20:30 | Create | Trade Cart |
| 20:58 | Research | Arson |
| 21:14 | Build | Barracks |
| 22:08 | Age | Castle Age |
| 22:10 | Research | Forging |
| 22:11 | Research | Scale Mail Armor |
| 22:20 | Research | Heavy Plow |
| 22:26 | Research | Bow Saw |
| 22:29 | Create | Villager (Male) |
| 22:30 | Create | Villager (Male) |
| 22:30 | Create | Villager (Male) |
| 22:30 | Create | Villager (Male) |
| 22:45 | Research | Stone Shaft Mining |
| 22:53 | Build | Mining Camp |
| 23:17 | Build | Town Center |
| 23:29 | Create | Villager (Male) |
| 23:29 | Create | Villager (Male) |
| 23:37 | Research | Squires |
| 23:43 | Research | Iron Casting |
| 24:02 | Research | Gold Shaft Mining |
| 24:15 | Create | Trade Cart |
| 24:16 | Create | Trade Cart |
| 24:46 | Create | Villager (Male) |
| 24:46 | Create | Villager (Male) |
| 24:57 | Build | Farm |
| 24:58 | Build | Farm |
| 25:00 | Build | Farm |
| 25:02 | Build | Farm |
| 25:08 | Build | Farm |
| 25:16 | Create | Villager (Male) |
| 25:17 | Create | Villager (Male) |
| 25:21 | Research | Caravan |
| 25:27 | Create | Villager (Male) |
| 25:33 | Create | Villager (Male) |
| 25:42 | Create | Villager (Male) |
| 26:00 | Build | Siege Workshop |
| 26:07 | Create | Unit 1974 |
| 26:07 | Create | Unit 1974 |
| 26:07 | Create | Unit 1974 |
| 26:08 | Create | Unit 1974 |
| 26:15 | Create | Villager (Male) |
| 26:16 | Create | Villager (Male) |
| 26:23 | Create | Villager (Male) |
| 27:08 | Create | Battering Ram |
| 27:14 | Build | Siege Workshop |
| 27:20 | Build | Farm |
| 27:27 | Create | Villager (Male) |
| 27:27 | Create | Villager (Male) |
| 27:32 | Create | Villager (Male) |
| 27:32 | Create | Villager (Male) |
| 27:33 | Create | Villager (Male) |
| 27:39 | Research | Chain Mail Armor |
| 28:04 | Create | Battering Ram |
| 28:05 | Create | Battering Ram |
| 28:15 | Create | Unit 1974 |
| 28:15 | Create | Unit 1974 |
| 28:15 | Create | Unit 1974 |
Build order — COCO
First 150 of 407 actions detected
| 0:01 | Create | Villager (Male) |
| 0:01 | Create | Villager (Male) |
| 0:01 | Create | Villager (Male) |
| 0:01 | Create | Villager (Male) |
| 0:02 | Create | Villager (Male) |
| 0:08 | Build | House |
| 0:12 | Build | House |
| 1:38 | Create | Villager (Male) |
| 1:38 | Create | Villager (Male) |
| 1:54 | Build | Lumber Camp |
| 2:09 | Create | Villager (Male) |
| 2:09 | Create | Villager (Male) |
| 2:23 | Create | Villager (Male) |
| 2:24 | Create | Villager (Male) |
| 2:56 | Create | Villager (Male) |
| 2:57 | Create | Villager (Male) |
| 3:15 | Create | Villager (Male) |
| 3:15 | Create | Villager (Male) |
| 3:31 | Build | House |
| 3:42 | Create | Villager (Male) |
| 4:00 | Create | Villager (Male) |
| 4:00 | Create | Villager (Male) |
| 4:00 | Create | Villager (Male) |
| 4:32 | Build | Mill |
| 4:44 | Create | Villager (Male) |
| 5:12 | Create | Villager (Male) |
| 5:12 | Create | Villager (Male) |
| 5:30 | Create | Villager (Male) |
| 5:30 | Create | Villager (Male) |
| 5:46 | Build | House |
| 5:49 | Create | Villager (Male) |
| 5:49 | Create | Villager (Male) |
| 6:21 | Create | Villager (Male) |
| 6:21 | Create | Villager (Male) |
| 6:21 | Create | Villager (Male) |
| 6:21 | Create | Villager (Male) |
| 6:37 | Build | Mill |
| 6:55 | Create | Villager (Male) |
| 7:14 | Research | Loom |
| 7:26 | Build | Mining Camp |
| 8:27 | Research | Feudal Age |
| 9:04 | Build | Farm |
| 9:08 | Build | Farm |
| 9:38 | Create | Villager (Male) |
| 9:39 | Create | Villager (Male) |
| 9:39 | Create | Villager (Male) |
| 9:51 | Build | House |
| 10:36 | Build | Farm |
| 10:42 | Age | Feudal Age |
| 10:45 | Build | Farm |
| 10:52 | Build | Blacksmith |
| 10:54 | Research | Double-Bit Axe |
| 11:01 | Research | Horse Collar |
| 11:39 | Build | Market |
| 12:03 | Build | Farm |
| 12:08 | Build | Farm |
| 13:26 | Research | Castle Age |
| 13:38 | Build | Farm |
| 13:44 | Build | Farm |
| 14:13 | Build | House |
| 15:22 | Create | Villager (Male) |
| 15:22 | Create | Villager (Male) |
| 15:23 | Create | Villager (Male) |
| 15:59 | Build | Barracks |
| 16:06 | Age | Castle Age |
| 16:21 | Create | Villager (Male) |
| 16:25 | Build | Town Center |
| 16:37 | Build | Mining Camp |
| 16:46 | Build | Siege Workshop |
| 17:00 | Research | Bow Saw |
| 17:26 | Create | Villager (Male) |
| 17:26 | Create | Villager (Male) |
| 17:28 | Create | Villager (Male) |
| 17:38 | Build | Archery Range |
| 18:21 | Create | Battering Ram |
| 18:32 | Create | Villager (Male) |
| 18:32 | Create | Villager (Male) |
| 18:33 | Create | Villager (Male) |
| 18:42 | Create | Skirmisher |
| 18:42 | Create | Skirmisher |
| 18:42 | Create | Skirmisher |
| 18:57 | Build | Mining Camp |
| 19:01 | Create | Skirmisher |
| 19:06 | Research | Forging |
| 19:07 | Research | Fletching |
| 19:07 | Research | Padded Archer Armor |
| 19:11 | Create | Villager (Male) |
| 19:11 | Create | Villager (Male) |
| 19:29 | Create | Battering Ram |
| 19:33 | Create | Villager (Male) |
| 19:33 | Create | Villager (Male) |
| 19:36 | Build | House |
| 19:37 | Build | House |
| 19:38 | Build | House |
| 19:39 | Build | House |
| 19:47 | Create | Villager (Male) |
| 19:47 | Create | Villager (Male) |
| 20:05 | Create | Villager (Male) |
| 20:05 | Create | Villager (Male) |
| 20:06 | Create | Villager (Male) |
| 20:11 | Research | Elite Skirmisher (upgrade) |
| 20:22 | Create | Villager (Male) |
| 20:22 | Create | Villager (Male) |
| 20:35 | Create | Battering Ram |
| 20:41 | Create | Skirmisher |
| 20:42 | Create | Skirmisher |
| 20:42 | Create | Skirmisher |
| 21:04 | Create | Villager (Male) |
| 21:04 | Create | Villager (Male) |
| 21:20 | Create | Villager (Male) |
| 21:20 | Create | Villager (Male) |
| 21:26 | Build | Town Center |
| 21:41 | Create | Villager (Male) |
| 22:02 | Build | Farm |
| 22:03 | Build | Farm |
| 22:04 | Build | Farm |
| 22:05 | Build | Farm |
| 22:07 | Build | Farm |
| 22:08 | Build | Farm |
| 22:12 | Build | Farm |
| 22:20 | Create | Villager (Male) |
| 22:21 | Create | Villager (Male) |
| 22:26 | Build | Farm |
| 22:27 | Build | Farm |
| 22:36 | Create | Villager (Male) |
| 22:36 | Create | Villager (Male) |
| 22:47 | Build | Mining Camp |
| 22:57 | Build | Farm |
| 22:58 | Build | Farm |
| 23:00 | Create | Villager (Male) |
| 23:01 | Create | Villager (Male) |
| 23:16 | Build | Stable |
| 23:18 | Create | Villager (Male) |
| 23:18 | Create | Villager (Male) |
| 23:25 | Build | Lumber Camp |
| 23:35 | Create | Villager (Male) |
| 23:35 | Create | Villager (Male) |
| 23:40 | Build | Lumber Camp |
| 23:43 | Create | Villager (Male) |
| 23:43 | Create | Villager (Male) |
| 23:46 | Build | Farm |
| 23:47 | Build | Farm |
| 23:54 | Create | Villager (Male) |
| 23:54 | Create | Villager (Male) |
| 23:58 | Build | Farm |
| 23:58 | Build | Farm |
| 24:13 | Create | Villager (Male) |
| 24:14 | Create | Villager (Male) |
| 24:14 | Create | Villager (Male) |
| 24:15 | Create | Villager (Male) |
Build order — OayiZ
First 150 of 305 actions detected
| 0:03 | Create | Villager (Male) |
| 0:04 | Research | Loom |
| 0:04 | Create | Villager (Male) |
| 0:05 | Create | Villager (Male) |
| 0:05 | Create | Villager (Male) |
| 0:24 | Build | House |
| 0:50 | Build | House |
| 0:51 | Build | House |
| 0:52 | Build | House |
| 1:45 | Create | Villager (Male) |
| 1:45 | Create | Villager (Male) |
| 1:46 | Create | Villager (Male) |
| 2:25 | Create | Villager (Male) |
| 2:25 | Create | Villager (Male) |
| 3:00 | Create | Villager (Male) |
| 3:00 | Create | Villager (Male) |
| 3:19 | Create | Villager (Male) |
| 3:19 | Create | Villager (Male) |
| 3:35 | Build | Mill |
| 3:38 | Create | Villager (Male) |
| 3:38 | Create | Villager (Male) |
| 4:00 | Create | Villager (Male) |
| 4:00 | Create | Villager (Male) |
| 4:41 | Create | Villager (Male) |
| 4:42 | Create | Villager (Male) |
| 4:42 | Create | Villager (Male) |
| 5:23 | Build | Lumber Camp |
| 5:36 | Create | Villager (Male) |
| 5:37 | Create | Villager (Male) |
| 5:37 | Create | Villager (Male) |
| 6:09 | Create | Villager (Male) |
| 6:43 | Create | Villager (Male) |
| 7:42 | Research | Feudal Age |
| 8:32 | Build | House |
| 8:34 | Build | House |
| 9:27 | Create | Villager (Male) |
| 9:28 | Create | Villager (Male) |
| 9:28 | Create | Villager (Male) |
| 9:47 | Build | Mill |
| 9:52 | Age | Feudal Age |
| 10:07 | Build | Mining Camp |
| 10:22 | Create | Villager (Male) |
| 10:22 | Create | Villager (Male) |
| 10:50 | Build | Blacksmith |
| 11:39 | Build | House |
| 12:26 | Build | Market |
| 13:56 | Research | Castle Age |
| 14:13 | Build | Mining Camp |
| 14:37 | Research | Double-Bit Axe |
| 15:01 | Build | Barracks |
| 15:36 | Create | Spearman |
| 15:36 | Create | Spearman |
| 15:37 | Create | Spearman |
| 16:00 | Create | Spearman |
| 16:00 | Create | Spearman |
| 16:00 | Create | Spearman |
| 16:01 | Create | Spearman |
| 16:36 | Age | Castle Age |
| 16:41 | Create | Villager (Male) |
| 16:42 | Create | Villager (Male) |
| 16:42 | Create | Villager (Male) |
| 16:42 | Create | Villager (Male) |
| 16:52 | Build | Monastery |
| 17:42 | Build | Castle |
| 18:01 | Create | Monk |
| 18:13 | Create | Villager (Male) |
| 18:14 | Create | Villager (Male) |
| 18:14 | Create | Villager (Male) |
| 18:14 | Create | Villager (Male) |
| 18:33 | Build | Town Center |
| 19:08 | Build | Mining Camp |
| 19:50 | Create | Hussite Wagon |
| 19:50 | Create | Hussite Wagon |
| 20:09 | Create | Villager (Male) |
| 20:16 | Create | Villager (Male) |
| 20:20 | Create | Villager (Male) |
| 20:26 | Create | Hussite Wagon |
| 20:26 | Create | Hussite Wagon |
| 20:33 | Research | Fervor |
| 20:36 | Create | Villager (Male) |
| 20:39 | Create | Villager (Male) |
| 21:03 | Create | Hussite Wagon |
| 21:09 | Create | Villager (Male) |
| 21:09 | Create | Villager (Male) |
| 21:09 | Create | Villager (Male) |
| 21:10 | Create | Villager (Male) |
| 21:19 | Create | Villager (Male) |
| 21:19 | Create | Villager (Male) |
| 21:33 | Research | Sanctity |
| 21:43 | Create | Villager (Male) |
| 21:54 | Create | Hussite Wagon |
| 21:54 | Create | Hussite Wagon |
| 22:15 | Build | Farm |
| 22:16 | Build | Farm |
| 22:17 | Build | Farm |
| 22:19 | Build | Farm |
| 22:22 | Create | Villager (Male) |
| 22:24 | Create | Villager (Male) |
| 22:52 | Create | Villager (Male) |
| 23:04 | Build | Farm |
| 23:05 | Build | Farm |
| 23:06 | Build | Farm |
| 23:08 | Build | Farm |
| 23:10 | Build | Farm |
| 23:38 | Build | Farm |
| 23:40 | Build | Farm |
| 23:41 | Build | Farm |
| 23:44 | Create | Villager (Male) |
| 23:56 | Build | House |
| 23:57 | Build | House |
| 23:58 | Build | House |
| 24:15 | Research | Bow Saw |
| 24:20 | Create | Villager (Male) |
| 24:22 | Research | Horse Collar |
| 24:25 | Create | Villager (Male) |
| 24:25 | Create | Villager (Male) |
| 24:26 | Create | Villager (Male) |
| 25:00 | Build | House |
| 25:01 | Build | House |
| 25:02 | Build | House |
| 25:13 | Build | Farm |
| 25:21 | Build | Farm |
| 25:26 | Create | Villager (Male) |
| 25:27 | Create | Villager (Male) |
| 25:35 | Create | Villager (Male) |
| 25:35 | Create | Villager (Male) |
| 25:38 | Create | Villager (Male) |
| 25:49 | Build | Farm |
| 25:50 | Build | Farm |
| 25:52 | Build | Farm |
| 25:53 | Build | Farm |
| 26:08 | Research | Fletching |
| 26:27 | Build | Lumber Camp |
| 26:31 | Create | Villager (Male) |
| 26:31 | Create | Villager (Male) |
| 26:43 | Create | Hussite Wagon |
| 26:43 | Create | Hussite Wagon |
| 27:05 | Build | Farm |
| 27:40 | Build | Farm |
| 27:55 | Research | Imperial Age |
| 28:26 | Research | Heavy Plow |
| 28:29 | Create | Villager (Male) |
| 28:29 | Create | Villager (Male) |
| 28:38 | Build | University |
| 28:48 | Build | Farm |
| 28:49 | Build | Farm |
| 28:57 | Create | Villager (Male) |
| 29:27 | Research | Chemistry |
| 29:34 | Build | House |
| 29:35 | Build | House |
Match timeline
| 9:52 | OayiZ · age_up feudal |
| 10:01 | CryAndDie · first_building Barracks |
| 10:41 | Yuanchi · age_up feudal |
| 10:42 | COCO · age_up feudal |
| 11:10 | knight · age_up feudal |
| 11:22 | ForzaGT87 · age_up feudal |
| 11:53 | CryAndDie · age_up feudal |
| 11:55 | CryAndDie · first_building Archery Range |
| 12:33 | knight · first_market_sell 100 wood |
| 12:33 | knight · first_market_buy 100 food |
| 12:58 | Yuanchi · first_market_buy 100 food |
| 13:56 | ForzaGT87 · first_building Barracks |
| 15:01 | OayiZ · first_building Barracks |
| 15:18 | knight · age_up castle |
| 15:36 | knight · first_building Castle |
| 15:48 | CryAndDie · age_up castle |
| 15:57 | OayiZ · first_market_buy 100 food |
| 15:59 | COCO · first_building Barracks |
| 16:05 | Yuanchi · age_up castle |
| 16:06 | COCO · age_up castle |
| 16:18 | Yuanchi · first_building Siege Workshop |
| 16:36 | OayiZ · age_up castle |
| 16:46 | COCO · first_building Siege Workshop |
| 16:52 | OayiZ · first_building Monastery |
| 17:10 | Yuanchi · wall_segment Stone Wall x6 |
| 17:17 | Yuanchi · wall_segment Stone Wall x5 |
| 17:19 | Yuanchi · wall_segment Stone Wall x6 |
| 17:38 | COCO · first_building Archery Range |
| 17:42 | OayiZ · first_building Castle |
| 18:16 | CryAndDie · wall_segment Stone Wall x13 |
| 18:17 | Yuanchi · wall_segment Stone Wall x1 |
| 18:48 | CryAndDie · wall_segment Stone Wall x4 |
| 18:49 | CryAndDie · wall_segment Stone Wall x6 |
| 19:13 | CryAndDie · wall_segment Stone Wall x4 |
| 19:14 | CryAndDie · wall_segment Stone Wall x1 |
| 19:28 | Yuanchi · first_building Barracks |
| 20:16 | Yuanchi · wall_segment Stone Wall x1 |
| 22:05 | Yuanchi · first_building Castle |
| 22:08 | ForzaGT87 · age_up castle |
| 23:00 | CryAndDie · first_building Castle |
| 23:16 | COCO · first_building Stable |
| 26:00 | ForzaGT87 · first_building Siege Workshop |
| 28:04 | knight · first_building Barracks |
| 28:42 | ForzaGT87 · first_building Castle |
| 29:07 | knight · age_up imperial |
| 29:39 | COCO · first_market_sell 500 wood |
| 29:39 | COCO · first_market_buy 100 food |
| 29:54 | OayiZ · first_building Siege Workshop |
| 30:06 | CryAndDie · first_building Siege Workshop |
| 31:02 | CryAndDie · age_up imperial |
| 31:05 | OayiZ · age_up imperial |
| 31:16 | COCO · first_building Castle |
| 33:38 | COCO · age_up imperial |
| 35:12 | Yuanchi · age_up imperial |
| 36:09 | OayiZ · first_building Archery Range |
| 38:26 | ForzaGT87 · age_up imperial |
| 38:47 | Yuanchi · wall_segment Stone Wall x1 |
| 38:52 | Yuanchi · wall_segment Stone Wall x2 |
| 38:54 | Yuanchi · wall_segment Stone Wall x1 |
| 42:38 | knight · first_building Stable |
| 42:42 | Yuanchi · wall_segment Stone Wall x4 |
| 43:19 | CryAndDie · first_market_sell 100 food |
| 43:21 | CryAndDie · first_market_buy 100 stone |
| 43:29 | Yuanchi · wall_segment Stone Wall x1 |
| 49:01 | OayiZ · resign |
[ AI ANALYSIS · 1 CREDIT ]
What really happened in this match?
Wolo.gg analyzes every decision: build order, eco, micro, common mistakes by bracket. Personalized analysis on WhatsApp or Discord in 30 seconds.
Civ guide
Burgundians
Map guide
Arena
Perfil
Jugador #549421